 Dungeon Crawl Stone Soup version 0.28.0-45-g0d030f2227 (webtiles) character file.

Game seed: 4172099333466172810

716312 CryoSword the Pyromancer (level 27, -2/234 HPs)
             Began as a Demigod Fire Elementalist on Apr 5, 2022.
             Slain by a tentacled monstrosity (7 damage)
             ... on level 5 of the Abyss on Apr 7, 2022.
             The game lasted 07:14:50 (115650 turns).

CryoSword the Pyromancer (DgFE)                   Turns: 115650, Time: 07:14:51

Health: -2/234     AC: 22    Str: 24    XL:     27
Magic:  8/46       EV: 20    Int: 55    God:
Gold:   6250       SH: 33    Dex: 20    Spells: 7/53 levels left

rFire   + . .      SeeInvis +   s - +6 double sword (holy)
rCold   + + +      Faith    .   M - +11 tower shield of Forking Paths {Rampage Str+3}
rNeg    + + .      Spirit   .   r - +6 scale mail of the Loofah {rC+ rN+ Will+ Regen+}
rPois   +          Reflect  .   k - +2 helmet {Int+3}
rElec   +          Harm     .   Y - scarf {repulsion}
rCorr   +          Rampage  +   Q - +2 pair of gloves {Stlth+}
Will    +++++      Clarity  +   t - +0 pair of boots "Xoampoqe" {Contam Int+7}
Stlth   +++++..... Rnd*Tele +   K - amulet of the Four Winds {rN+ Will+++ Clar}
HPRegen 0.00/turn               V - ring "Vuzun" {EV+4 Int+6 SInv}
MPRegen 0.30/turn               q - ring "Xeg Wigo" {rPois rC+ EV+4 Stlth+}

@: about to teleport, resistant, sick, inhibited regen, hasted, constricted,
studying Slings, invisible, repel missiles, very quick
A: high MP 1, forlorn, divine attributes, agile 1, clever 1, cold resistance 1,
deformed body, no potion heal 1, sturdy frame 1, noise suppression, [inhibited
regeneration], [teleportitis 2]
}: 5/15 runes: decaying, slimy, silver, abyssal, gossamer
a: no special abilities


You were on level 5 of the Abyss.
You visited 12 branches of the dungeon, and saw 57 of its levels.
You visited the Abyss 1 time.
You visited 1 ziggurat, and saw 9 of its levels.
You also visited: Trove, Sewer, Gauntlet, Wizlab and Desolation.

You collected 11344 gold pieces.
You spent 5094 gold pieces at shops.

Inventory:

Hand Weapons
 a - a +6 vorpal demon trident
   (You took it off Louise on level 3 of the Spider Nest)
 s - a +6 double sword of holy wrath (weapon)
   (You subdued it on level 2 of the Elven Halls)
Missiles
 l - 9 throwing nets
Armour
 k - a +2 helmet of intelligence (worn)
   (You bought it in a shop on level 2 of the Orcish Mines)
 r - the +6 scale mail of the Loofah (worn) {rC+ rN+ Will+ Regen+}
   (You took it off a tengu warrior on level 14 of the Dungeon)

   rC:        It protects you from cold.
   rN:        It protects you from negative energy.
   Regen:     It increases your rate of health regeneration.
   Will:      It increases your willpower.
 t - the +0 pair of boots "Xoampoqe" (worn) {Contam Int+7}
   (You found it in the Desolation of Salt)

   Int:       It affects your intelligence (+7).
   Contam:    It causes magical contamination when unequipped.
 v - the +2 cloak "Suod" {rElec Slay+2}
   (You found it on level 2 of the Elven Halls)

   Slay:      It affects your accuracy & damage with ranged weapons and melee
   (+2).
   rElec:     It insulates you from electricity.
 M - the +11 tower shield of Forking Paths (worn) {Rampage Str+3}
   (You acquired it on level 1 of the Vaults)

   Str:       It affects your strength (+3).
   Rampage:   It bestows one free step when moving towards enemies.
 Q - a +2 pair of gloves of stealth (worn)
   (You found it on level 4 of the Spider Nest)
 Y - a scarf of repulsion (worn)
   (You bought it in a shop on level 1 of the Dungeon)
Magical Staves
 w - a staff of fire
   (You found it on level 8 of the Dungeon)
Jewellery
 g - a ring of protection from fire
   (You found it on level 10 of the Dungeon)
 i - a ring of resist corrosion
   (You found it on level 3 of the Crypt)
 j - the amulet "Sihaevau" {RegenMP rC+ Will+ Int+3}
   (You took it off an ironbound convoker on level 5 of the Vaults)

   [amulet of magic regeneration]

   It increases your rate of magic regeneration.
   Int:       It affects your intelligence (+3).
   rC:        It protects you from cold.
   Will:      It increases your willpower.
 p - the ring of Ohixul {MP+9 Dex+3}
   (You found it on level 5 of the Pits of Slime)

   [ring of magical power]

   Dex:       It affects your dexterity (+3).
   MP:        It affects your magic capacity (+9).
 q - the ring "Xeg Wigo" (right hand) {rPois rC+ EV+4 Stlth+}
   (You took it off a yaktaur captain on level 5 of the Vaults)

   [ring of evasion]

   EV:        It affects your evasion (+4).
   rC:        It protects you from cold.
   rPois:     It protects you from poison.
   Stlth:     It makes you more stealthy.
 y - a ring of the Octopus King {Fly AC+1 EV+1 Str+1 Int+1 Dex+1}
   (You took it off a spriggan on level 2 of the Depths)

   [ring of flight]

   AC:        It affects your AC (+1).
   EV:        It affects your evasion (+1).
   Str:       It affects your strength (+1).
   Int:       It affects your intelligence (+1).
   Dex:       It affects your dexterity (+1).
   Fly:       It grants you flight.
 A - the ring "Fausa" {Fire rPois}
   (You took it off a deep elf annihilator on level 3 of the Elven Halls)

   [ring of fire]

   It enhances your fire magic.
   rF:        It protects you from fire.
   rC:        It makes you vulnerable to cold.
   rPois:     It protects you from poison.
 E - the ring of Jovukh {rPois rC+ rN+ Dex+7}
   (You bought it in a shop on level 1 of the Depths)

   [ring of positive energy]

   Dex:       It affects your dexterity (+7).
   rC:        It protects you from cold.
   rPois:     It protects you from poison.
   rN:        It protects you from negative energy.
 K - the amulet of the Four Winds (around neck) {rN+ Will+++ Clar}
   (You bought it in a shop on level 1 of the Depths)

   [amulet of nothing]

   rN:        It protects you from negative energy.
   Clar:      It protects you against confusion.
   Will:      It greatly increases your willpower.
 V - the ring "Vuzun" (left hand) {EV+4 Int+6 SInv}
   (You found it in a Gauntlet)

   [ring of evasion]

   EV:        It affects your evasion (+4).
   Int:       It affects your intelligence (+6).
   SInv:      It lets you see invisible.
Wands
 u - a wand of acid (33)
   (You took it off Ijyb on level 3 of the Dungeon)
 J - a wand of iceblast (36) (quivered)
   (You found it on level 7 of the Dungeon)
 Z - a wand of digging (52)
   (You found it on level 12 of the Dungeon)
Scrolls
 d - 2 scrolls of fear
 e - 4 scrolls of magic mapping
 h - 16 scrolls of teleportation {@r4}
 o - a scroll of summoning
 C - 12 scrolls of fog
 I - 6 scrolls of immolation {!r}
Potions
 b - 4 potions of magic
 c - 2 potions of haste {@q3}
 m - a potion of brilliance
 n - 28 potions of curing {@q1}
 z - 8 potions of might
 D - 4 potions of cancellation
 F - 16 potions of mutation {!q}
 G - a potion of berserk rage
 L - 8 potions of ambrosia
 O - 13 potions of lignification {!q}
 S - a potion of resistance
 T - 2 potions of invisibility
Miscellaneous
 x - a box of beasts (inert)
   (You found it on level 4 of the Depths)
 H - a phantom mirror (inert)
   (You found it on level 12 of the Dungeon)


   Skills:
 + Level 16.9 Fighting
 - Level 16.0 Long Blades
 - Level 12.0 Staves
 + Level 14.8 Armour
 - Level 8.0 Dodging
 - Level 6.6 Stealth
 + Level 18.6 Shields
 + Level 13.7 Spellcasting
 * Level 21.3 Conjurations
 - Level 4.0 Translocations
 * Level 22.4 Fire Magic
 - Level 1.0 Air Magic
 - Level 1.0 Poison Magic
 - Level 5.0 Evocations


You had 7 spell levels left.
You knew the following spells:

 Your Spells              Type           Power      Damage    Failure   Level
a - Scorch                Fire           100%       2d10      0%          2
b - Iskenderun's Battles  Conj           100%       2d15      0%          5
c - Fireball              Conj/Fire      67%        3d25      0%          5
d - Starburst             Conj/Fire      67%        6d18      1%          6
e - Ignition              Fire           68%        3d18      1%          8
f - Lightning Bolt        Conj/Air       51%        1d72      1%          5
g - Fire Storm            Conj/Fire      67%        8d17      21%         9
A - Apportation           Tloc           100%       N/A       1%          1
B - Blink                 Tloc           100%       N/A       1%          2
C - Mephitic Cloud        Conj/Pois/Air  89%        N/A       1%          3

Your spell library contained the following spells:

 Spells                   Type           Power      Damage    Failure   Level
 Foxfire                  Conj/Fire      100%       2x1d9     0%          1
 Magic Dart               Conj           100%       1d8       0%          1
 Shock                    Conj/Air       100%       1d9       0%          1
 Searing Ray              Conj           100%       2d8       0%          2
 Conjure Flame            Conj/Fire      100%       6-21      0%          3
 Flame Wave               Conj/Fire      100%       2d17      0%          4
 Sticky Flame             Conj/Fire      100%       2d11      0%          4
 Animate Skeleton         Necr           74%        N/A       1%          1
 Beastly Appendage        Tmut           74%        N/A       1%          1
 Pain                     Necr           100%       1d9       1%          1
 Slow                     Hex            100%       N/A       1%          1
 Summon Small Mammal      Summ           100%       N/A       1%          1
 Corpse Rot               Necr/Air       86%        N/A       1%          2
 Static Discharge         Conj/Air       100%       N/A       1%          2
 Dazzling Flash           Conj/Hex       100%       N/A       1%          3
 Ignite Poison            Fire/Tmut/Pois 89%        N/A       1%          3
 Inner Flame              Hex/Fire       100%       N/A       1%          3
 Lesser Beckoning         Tloc           69%        N/A       1%          3
 Portal Projectile        Hex/Tloc       100%       N/A       1%          3
 Stone Arrow              Conj/Erth      100%       3d13      1%          3
 Fulminant Prism          Conj/Hex       50%        3d23      1%          4
 Hailstorm                Conj/Ice       100%       3d20      1%          4
 Iskenderun's Mystic Bla  Conj/Tloc      100%       2d19      1%          4
 Irradiate                Conj/Tmut      50%        3d30      1%          5
 Call Imp                 Summ           37%        N/A       2%          2
 Ensorcelled Hibernation  Hex/Ice        74%        N/A       2%          2
 Passwall                 Tmut/Erth      30%        N/A       2%          2
 Conjure Ball Lightning   Conj/Air       51%        3x3d18    2%          6
 Spider Form              Tmut/Pois      43%        N/A       3%          3
 Swiftness                Air            48%        N/A       3%          3
 Passage of Golubria      Tloc           69%        N/A       3%          4
 Iron Shot                Conj/Erth      50%        9d10      3%          6
 Call Canine Familiar     Summ           37%        N/A       4%          3
 Confusing Touch          Hex            37%        N/A       4%          3
 Frozen Ramparts          Ice            74%        1d9       4%          3
 Ozocubu's Armour         Ice            37%        N/A       4%          3
 Summon Guardian Golem    Hex/Summ       37%        N/A       4%          3
 Vampiric Draining        Necr           37%        2d8       4%          3
 Manifold Assault         Tloc           69%        N/A       9%          5
 Airstrike                Air            24%        N/A       11%         4
 Summon Lightning Spire   Summ/Air       43%        N/A       13%         4
 Animate Armour           Summ/Erth      74%        N/A       16%         4
 Animate Dead             Necr           18%        N/A       16%         4
 Dispel Undead            Necr           37%        3d15      16%         4
 Ice Form                 Ice/Tmut       37%        N/A       16%         4
 Leda's Liquefaction      Hex/Erth       18%        N/A       16%         4
 Petrify                  Tmut/Erth      37%        N/A       16%         4
 Summon Ice Beast         Ice/Summ       37%        N/A       16%         4
 Spellforged Servitor     Conj/Summ      50%        N/A       17%         7
 Summon Forest            Summ/Tloc      28%        N/A       19%         5
 Alistair's Intoxication  Tmut/Pois      28%        N/A       34%         5
 Silence                  Hex/Air        21%        N/A       34%         5
 Agony                    Necr           37%        N/A       41%         5
 Blade Hands              Tmut           18%        N/A       41%         5
 Borgnjor's Vile Clutch   Necr/Erth      18%        N/A       41%         5
 Excruciating Wounds      Necr           18%        N/A       41%         5
 Lee's Rapid Deconstruct  Erth           18%        3d12*     41%         5
 Metabolic Englaciation   Hex/Ice        18%        N/A       41%         5
 Summon Mana Viper        Hex/Summ       37%        N/A       41%         5
 Yara's Violent Unravell  Hex/Tmut       18%        3d9       41%         5
 Dispersal                Tloc           34%        N/A       43%         6
 Eringya's Noxious Bog    Tmut/Pois      21%        N/A       89%         6
 Death Channel            Necr           18%        N/A       94%         6
 Simulacrum               Ice/Necr       18%        N/A       94%         6
 Statue Form              Tmut/Erth      24%        N/A       94%         6
 Summon Cactus Giant      Summ           18%        N/A       94%         6
 Malign Gateway           Summ/Tloc      28%        N/A       99%         7
 Dragon Form              Tmut           18%        N/A       100%        7
 Enfeeble                 Hex            18%        N/A       100%        7
 Monstrous Menagerie      Summ           18%        N/A       100%        7
 Ozocubu's Refrigeration  Ice            18%        4d8       100%        7
 Storm Form               Tmut/Air       21%        N/A       100%        7
 Summon Hydra             Summ           18%        N/A       100%        7
 Lehudib's Crystal Spear  Conj/Erth      50%        10d12     78%         8
 Disjunction              Tloc           34%        N/A       100%        8
 Summon Horrible Things   Summ           18%        N/A       100%        8
 Polar Vortex             Ice            18%        N/A       100%        9


Dungeon Overview and Level Annotations

Branches:
Dungeon (15/15)            Temple (0/1) D:5            Lair (6/6) D:9
  Swamp (4/4) Lair:4       Spider (4/4) Lair:3        Slime (5/5) Lair:6
    Orc (2/2) D:11            Elf (3/3) Orc:2        Vaults (5/5) D:13
  Crypt (3/3) Vaults:3       Tomb (0/3) Crypt:3      Depths (4/4) D:15
   Hell (visited)             Dis (0/7) Hell            Geh (0/7) Hell
    Coc (0/7) Hell            Tar (0/7) Hell            Zot (5/5) Depths:4
  Sewer (visited)          WizLab (visited)         Desolation (visited)
Gauntlet (visited)

Shops:
D:1 [   D:4 =   D:7 [   D:11 [   Orc:2 ([*:*   Elf:1 (   Elf:2 (   Vaults:1 **
Depths:1 :==

Portals:
Hell: Depths:1 Depths:2 Depths:3 Depths:4
Abyss: Depths:3
Pandemonium: Depths:1 Depths:2

Annotations:
Zot:5 1 exclusion


Innate Abilities, Weirdness & Mutations

You have an increased reservoir of magic. (+10% MP)
You shall have no god before yourself.
Your divine heritage dramatically boosts your attributes as you level up.
You are agile. (Dex +2)
Your mind is acute. (Int +2)
Your flesh is cold resistant. (rC+)
Armour fits poorly on your strangely shaped body.
Potions are less effective at restoring your health.
Your movements are slightly less encumbered by armour. (ER -2)
You passively dampen the noise of your surroundings.
[You do not regenerate when monsters are visible.]
[You are sometimes teleported next to monsters.]


Message History

The tentacled monstrosity tentacle-slaps you but does no damage.
The tentacled monstrosity constricts you.
* * * LOW HITPOINT WARNING * * *
The tentacled monstrosity completely misses you.
The tentacled monstrosity tentacle-slaps you but does no damage. x2
Blink to where?
The tentacled monstrosity's grasp on you weakens, but your attempt to escape fails.
As you read the scroll of blinking, it crumbles to dust.
A flying skull comes into view.
You block the tentacled monstrosity's attack.
The tentacled monstrosity completely misses you.
The tentacled monstrosity tentacle-slaps you.
* * * LOW HITPOINT WARNING * * *
The tentacled monstrosity constricts you.
You block the tentacled monstrosity's attack.
The tentacled monstrosity tentacle-slaps you but does no damage. x2
Unknown command.
Unknown command.
Blink to where?
You escape the tentacled monstrosity's grasp.
A rakshasa comes into view. It is wielding a +0 long sword.
Found an abyssal rune of Zot.
As you read the scroll of blinking, it crumbles to dust.
Unknown command.
Okay, then.
Apport: an abyssal rune of Zot Yoink!
You pull the item towards yourself.
You pick up the abyssal rune and feel its power.
For a moment you glimpse the secrets of this dreadful place.
You feel more experienced!
Your Conjurations skill increases to level 21!
You have reached level 27, the final one!
Your experience leads to a dramatic increase in your attributes!
Your base attributes are Str 21, Int 33, Dex 18.
Increase (S)trength, (I)ntelligence, or (D)exterity?
You feel clever. x4
You now have 5 runes.
Press } to see all the runes you have collected.
You feel the abyssal rune guiding you out of this place.
As you read the scroll of teleportation {@r4}, it crumbles to dust.
You feel strangely unstable.
You feel the power of the Abyss delaying your translocation!
You fade into invisibility!
You block the thrashing horror's attack. x2
The rakshasa splashes around in the water.
You feel yourself speed up. You block the rakshasa's attack.
As you read the scroll of summoning, it crumbles to dust.
Wisps of shadow whirl around you... The flying skull closely misses you.
You block the tentacled monstrosity's attack. x4
Aim: a tentacled monstrosity (moderately wounded, ally target)
You reflect the tentacled monstrosity with the mirror!
The mirror clouds!
You block the flying skull's attack. You block the rakshasa's attack.
Okay, then.
Unknown command.
Unknown command.
You slice the rakshasa!!
The rakshasa convulses.
The injured rakshasa weaves a defensive illusion!
Your large abomination barely misses the tentacled monstrosity.
You block the flying skull's attack.
You block the tentacled monstrosity's attack. x3
The tentacled monstrosity grabs you.
The tentacled monstrosity constricts you.
Your tentacled monstrosity barely misses the thrashing horror.
Your tentacled monstrosity tentacle-slaps the thrashing horror!
Your tentacled monstrosity tentacle-slaps the thrashing horror.
Your tentacled monstrosity barely misses the thrashing horror.
The tentacled monstrosity tentacle-slaps you but does no damage.
The tentacled monstrosity completely misses you. x2
Your ettin simulacrum hits the rakshasa!!
Your ettin simulacrum freezes the rakshasa!
The rakshasa dies!
You hear a splash. x2
The rakshasa shimmers and vanishes! x2
The air bursts into flame!
The fireball engulfs the tentacled monstrosity!
The tentacled monstrosity resists.
The fireball engulfs the tentacled monstrosity!
The tentacled monstrosity resists.
The fireball engulfs the fire crab.
The fire crab completely resists.
The fireball engulfs the flying skull.
The flying skull resists.
The fireball engulfs the thrashing horror!
The thrashing horror resists.
The fireball engulfs the hellwing!!
You kill the hellwing!
That felt strangely unrewarding.
The fireball engulfs the flying skull.
The flying skull resists.
The fireball engulfs the flying skull!
The flying skull resists.
The fireball engulfs the thrashing horror!
The thrashing horror resists.
You destroy the thrashing horror!
That felt strangely unrewarding.
The fireball engulfs the tentacled monstrosity!
The tentacled monstrosity resists.
The fireball engulfs the tentacled monstrosity.
The tentacled monstrosity resists.
The fireball engulfs the fire crab.
The fire crab completely resists.
The fireball engulfs the flying skull!
The flying skull resists.
You destroy the flying skull!
That felt strangely unrewarding.
The fireball engulfs the tentacled monstrosity!!
The tentacled monstrosity resists.
You hear a hideous shriek!
Your large abomination hits the tentacled monstrosity.
You block the tentacled monstrosity's attack.
The tentacled monstrosity tentacle-slaps you but does no damage.
The tentacled monstrosity tentacle-slaps you!
* * * LOW HITPOINT WARNING * * *
The tentacled monstrosity constricts you.
You block the tentacled monstrosity's attack. x2
The tentacled monstrosity tentacle-slaps you but does no damage.
The fire crab breathes flames at you.
The blast of flame engulfs your tentacled monstrosity.
Your tentacled monstrosity resists.
The tentacled monstrosity's grasp on you weakens, but your attempt to escape fails.
You are engulfed in blazing flames.
* * * LOW HITPOINT WARNING * * *
Your large abomination is engulfed in blazing flames.
Your large abomination hits the tentacled monstrosity!
Your ettin simulacrum is engulfed in blazing flames.
Unknown command.
Unknown command.
Your system partially rejects the healing.
You feel better.
You are engulfed in blazing flames.
* * * LOW HITPOINT WARNING * * *
The tentacled monstrosity tentacle-slaps you but does no damage.
You block the tentacled monstrosity's attack. x2
The tentacled monstrosity is engulfed in blazing flames.
The tentacled monstrosity barely misses your large abomination.
The tentacled monstrosity tentacle-slaps your large abomination.
The tentacled monstrosity tentacle-slaps your large abomination but does no damage.
The tentacled monstrosity constricts you!
* * * LOW HITPOINT WARNING * * *
Your tentacled monstrosity is engulfed in blazing flames.
Your large abomination is engulfed in blazing flames.
Your large abomination barely misses the tentacled monstrosity.
Okay, then.
You feel protected.
You are engulfed in blazing flames.
You resist.
* * * LOW HITPOINT WARNING * * *
Your tentacled monstrosity tentacle-slaps the fire crab.
Your tentacled monstrosity tentacle-slaps the fire crab but does no damage. x2
Your tentacled monstrosity barely misses the fire crab.
The tentacled monstrosity is engulfed in blazing flames.
The tentacled monstrosity tentacle-slaps your large abomination!
The tentacled monstrosity tentacle-slaps your large abomination but does no damage. x2
The tentacled monstrosity constricts you!
* * * LOW HITPOINT WARNING * * *
You block the tentacled monstrosity's attack.
The tentacled monstrosity tentacle-slaps you!
You die...

## .# . .
##..#.#.#### #### .
.§#. # .#≈#..##
≈≈## X§.# .
.≈≈≈...##≈≈≈# .§
.##...≈≈≈....#≈≈≈#
#..# ##..
≈§§§§≈≈≈≈≈## .
.....∩≈≈§§≈§§≈°≈≈.#
. #.
.†.≈≈°≈§XZ°°§≈# . .
☼ .#.≈§≈°°.@# ..#
t#..§§§tXX## . .§
##.#§#.X##
#.§#t#.#.####
.#..##.#.. ##
.#..####..
..#....#.#. ##..
§.. z# . .. .#


You could see 2 tentacled monstrosities, a fire crab (ally target), a friendly
tentacled monstrosity (summoned, drained), a friendly large abomination
(summoned) and a friendly ettin simulacrum (summoned).

Vanquished Creatures
  the Royal Jelly (Slime:5)
  3 dread liches
  5 ancient liches
  Mara (Elf:3)
  3 juggernauts
  Frederick (Depths:4)
  Margery (Depths:4)
  2 Killer Klowns
  A caustic shrike (Depths:3)
  3 curse toes
  14 golden dragons
  Saint Roka (Depths:3)
  The ghost of Plog the Warrior, an adept DgCj (Depths:3)
  Geryon (Hell)
  2 bone dragons
  An electric golem (Zot:1)
  Jorgrun (Orc:1)
  7 Orb Guardians (Zot:5)
  Mlioglotl (Spider:2)
  13 tentacled monstrosities
  5 titans
  3 deep elf blademasters
  11 liches
  3 deep elf master archers
  A walking frostbound tome (Depths:3)
  A kraken (Abyss:5)
  3 quicksilver dragons
  The ghost of daodarkstar the Slicer, an adept DsFi of Gozag (Elf:2)
  27 acid blobs
  9 ancient champions
  7 sphinxes
  An Executioner (Abyss:1)
  10 tentacled starspawn
  5 death cobs
  10 tengu reavers
  13 shadow dragons
  Frances (Spider:1)
  2 thorn hunters (Swamp:4)
  Kirke (Lair:3)
  7 storm dragons
  The ghost of Olga the Cruncher, an adept DsCK of Xom (Swamp:1)
  8 draconian monks
  9 azure jellies
  The ghost of LetschGu the Unseen, an adept KoBr of Gozag (Elf:1)
  Roxanne (Swamp:1)
  A frost giant (shapeshifter) (Depths:4)
  4 rockslimes
  5 emperor scorpions
  2 revenants
  13 draconian knights
  Aizul (Swamp:1)
  6 deep elf sorcerers
  A balrug (Depths:2)
  8 fire giants
  10 frost giants
  3 orc warlords
  20 vault wardens
  5 draconian scorchers
  3 iron dragons
  2 cacodemons (Hell)
  5 ghost moths
  An imperial myrmidon (Desolation)
  12 ghouls
  A caustic shrike zombie (Depths:1)
  4 curse skulls
  Louise (Spider:3)
  8 reapers
  12 draconian shifters
  4 spriggan defenders
  17 stone giants
  6 broodmothers
  5 deep elf elementalists (Elf:3)
  A juggernaut skeleton (Crypt:3)
  6 draconian stormcallers
  22 ironbound preservers
  8 draconian annihilators
  6 war gargoyles
  A caustic shrike skeleton (Crypt:2)
  16 very ugly things
  12 quicksilver oozes
  8 ironbound thunderhulks
  Nessos (Lair:4)
  9 deep elf demonologists
  17 green draconians
  2 halazid warlocks (Desolation)
  The ghost of Buiveh the Geomancer, a journeyman GrEE of Vehumet (Lair:6)
  8 eleionomae
  8 deep elf annihilators
  8 black draconians
  9 white draconians
  11 vampire knights
  3 lorocyprocas
  6 dire elephants
  A minotaur (Gauntlet)
  6 spark wasps
  8 purple draconians
  3 entropy weavers
  9 yellow draconians
  Azrael (D:13)
  15 red draconians
  A bunyip (Swamp:4)
  2 blizzard demons
  Snorg (Lair:4)
  2 merfolk impalers
  The ghost of LetschGu the Slicer, a journeyman KoSu of Ashenzari (D:12)
  9 deep elf death magi
  2 crystal guardians (Desolation)
  6 eidola
  6 fire dragons
  7 ettins
  5 shambling mangroves
  20 yaktaur captains
  A green death (Depths:1)
  18 great orbs of eyes
  4 deep elf high priests
  16 jiangshi
  A spriggan zombie (Hell)
  A hell beast (Depths:3)
  A quicksilver dragon skeleton (Abyss:5)
  Erolcha (D:13)
  13 peacekeepers
  34 vault guards
  22 hydras
  A ragged hierophant (Desolation)
  Harold (D:8)
  4 servants of whispers (Desolation)
  8 boulder beetles
  A great orb of eyes (shapeshifter) (Vaults:5)
  A catoblepas (Zig:1)
  The ghost of Revguard the Cleaver, a journeyman DsGl of Okawaru (D:11)
  A jorogumo (Spider:4)
  2 ghost crabs
  8 ironbound frosthearts
  3 rakshasas
  4 ogre magi
  3 radroaches
  6 spriggan air magi
  A merfolk aquamancer (Zig:3)
  A spriggan skeleton (Crypt:2)
  9 ice dragons
  20 centaur warriors
  8 alligators
  33 dancing weapons
  25 two-headed ogres
  2 death knights
  23 thrashing horrors
  4 tengu warriors
  10 vampire magi
  11 deep troll earth magi
  37 hell knights
  A death yak (Lair:3)
  7 hell hogs
  2 shock serpents (Zig:4)
  A titan skeleton (Crypt:3)
  3 spriggan berserkers
  7 deep troll shamans
  10 soul eaters
  Sonja (D:13)
  5 orc high priests
  20 deep elf knights
  22 spriggans
  13 sun demons
  A storm dragon zombie (Crypt:3)
  7 sixfirhies
  24 skeletal warriors
  4 wretched stars
  2 iron trolls
  3 salamander mystics
  7 pharaoh ants
  2 goliath frogs
  6 shadow wraiths
  A golden dragon zombie (Crypt:2)
  A sun moth (Spider:3)
  5 spatial maelstroms
  A death drake (Swamp:1)
  A bunyip zombie (Abyss:3)
  4 steelbarb worms
  21 ironbound convokers
  65 deep trolls
  An anaconda zombie (Hell)
  5 glowing orange brains
  7 spriggan druids
  7 flayed ghosts
  11 orb spiders
  35 starcursed masses
  11 wizards
  3 spectral hydras (Swamp:4)
  16 swamp dragons
  9 bog bodies
  6 orc knights
  A spriggan simulacrum (Abyss:5)
  10 deep elf archers
  3 obsidian statues
  11 phantasmal warriors
  3 harpies (Zig:3)
  16 necromancers
  A mana viper (Abyss:3)
  11 lindwurms
  The ghost of H0rd4k the Thaumaturge, a novice DEWz of Gozag (D:9)
  30 deep elf zephyrmancers
  32 deep elf pyromancers
  A frost giant zombie (Depths:1)
  3 cyclopes
  8 oklob plants
  26 wolf spiders
  7 orc sorcerers
  A cyclops (shapeshifter) (Vaults:5)
  40 ugly things
  3 will-o-the-wisps
  A moth of wrath (shapeshifter) (D:13)
  24 moths of wrath
  6 manticores
  3 shining eyes
  3 worldbinders
  7 salamanders (Depths:4)
  24 vault sentinels
  2 naga magi (Abyss:3)
  9 torpor snails
  6 guardian serpents
  An apocalypse crab (Abyss:5)
  6 rust devils
  2 eyes of devastation
  11 elephants
  13 smoke demons
  10 black mambas
  A molten gargoyle (Desolation)
  5 unseen horrors
  4 ice statues
  5 orange demons
  2 dire elephant skeletons
  A frost giant skeleton (Crypt:2)
  19 cane toads
  A minotaur zombie (Gauntlet)
  A death yak zombie (Crypt:1)
  8 demonic crawlers
  Psyche (D:9)
  2 pale draconian zombies (Crypt:3)
  9 komodo dragons
  A hellion (Zig:8)
  37 yaktaurs
  9 freezing wraiths
  A kobold demonologist (D:10)
  9 rime drakes
  3 efreet
  A black draconian zombie (Crypt:2)
  A catoblepas skeleton (Crypt:2)
  4 hydra zombies
  2 hellwings
  2 tengu conjurers
  2 red devils
  A harpy zombie (Crypt:2)
  A sea snake skeleton (Hell)
  A wind drake (shapeshifter) (Vaults:5)
  2 trolls
  10 ancient zymes
  39 hornets
  2 harpy skeletons (Crypt:3)
  13 tyrant leeches
  2 polar bears (D:12)
  6 meliai
  3 bloated husks
  38 saltlings (Desolation)
  4 hydra skeletons
  17 tarantellas
  2 death drake skeletons (Swamp:4)
  99 slime creatures
  18 blink frogs
  24 large abominations
  21 raiju
  An alligator zombie (Hell)
  A snapping turtle (Zig:3)
  An alligator skeleton (Hell)
  38 jumping spiders
  19 flying skulls
  An ettin skeleton (Depths:1)
  14 water elementals
  4 air elementals
  5 shadows
  21 culicivoras
  24 wyverns
  A spriggan (shapeshifter) (Vaults:5)
  42 yaks
  4 fire bats (Abyss:3)
  An ice dragon skeleton (Crypt:2)
  14 ynoxinuls
  6 basilisks
  9 wraiths
  7 fire elementals
  5 hogs
  8 golden eyes
  33 redbacks
  3 steam dragons
  4 neqoxecs
  8 humans (D:13)
  2 swamp worms (shapeshifter)
  9 vampire mosquitoes
  A sea snake simulacrum (Hell)
  5 chaos spawn
  2 nagas
  A warg (shapeshifter) (Vaults:5)
  A harpy simulacrum (Abyss:5)
  3 acid dragons
  21 water moccasins
  A naga zombie (Hell)
  20 swamp worms
  3 hydra simulacra (Swamp:4)
  7 hell hounds
  4 floating eyes
  30 orc warriors
  8 swamp drakes
  5 swamp dragon zombies (Swamp:4)
  An elephant zombie (Crypt:2)
  A sky beast (D:7)
  3 black bears
  A hornet zombie (D:6)
  6 necrophages
  4 wolves (Lair:3)
  6 boggarts
  7 ogres
  A blink frog skeleton (Crypt:3)
  A swamp dragon skeleton (Crypt:3)
  16 centaurs
  9 bullfrogs
  A fire crab zombie (Crypt:1)
  4 kobold brigands
  Blork the orc (D:5)
  A scorpion (D:4)
  An earth elemental (Elf:3)
  An elf skeleton (Crypt:2)
  A gnoll sergeant (D:9)
  18 small abominations
  A water moccasin skeleton (D:5)
  2 water moccasin zombies
  2 wyvern skeletons
  A killer bee (shapeshifter) (Vaults:5)
  A raiju zombie (Crypt:2)
  5 killer bees
  A polar bear skeleton (Crypt:1)
  10 wights
  8 electric eels
  A howler monkey (D:13)
  3 bullfrog zombies (D:5)
  3 lava snakes (Lair:5)
  A jelly (Abyss:5)
  3 quasits
  A gnoll shaman (D:6)
  7 centaur skeletons
  8 centaur zombies
  3 bullfrog skeletons
  4 hounds
  Crazy Yiuf (D:5)
  30 orc priests
  3 iron imps (Abyss:1)
  Jessica (D:2)
  4 iguanas
  A scorpion zombie (D:5)
  Ijyb (D:3)
  12 hell rats
  A lightning spire (Zot:3)
  17 orc wizards
  3 killer bee zombies (D:5)
  2 tengu zombies (Crypt:1)
  A naga skeleton (Crypt:1)
  A dwarf zombie (Crypt:1)
  A tengu skeleton (Crypt:1)
  A hound skeleton (D:5)
  4 howler monkey zombies
  A howler monkey skeleton (D:6)
  9 adders
  8 gnolls
  14 river rats
  A shadow imp (D:6)
  3 white imps
  5 ufetubi
  A worm zombie (Crypt:3)
  A worm (shapeshifter) (Vaults:5)
  10 worms
  50 orcs
  12 ball pythons
  4 bats
  8 endoplasms
  3 giant cockroaches
  9 goblins
  4 hobgoblins
  3 jackals (D:2)
  29 kobolds
  2 quokkas
  2 frilled lizards
  A hobgoblin skeleton (Crypt:3)
  18 rats
  A rat zombie (Crypt:1)
  3 briar patches (Swamp:4)
  4 fire vortices (Hell)
  A lurking horror (Abyss:5)
  A plant (Depths:3)
  3 starspawn tentacles
  A tentacle (Abyss:5)
2942 creatures vanquished.

Vanquished Creatures (collateral kills)
  2 rockslimes (Slime:5)
  2 crystal guardians
  A rakshasa (Abyss:5)
  3 hell knights
  An orc (Orc:1)
  48 foxfires
57 creatures vanquished.

Vanquished Creatures (others)
  A deep elf annihilator (Elf:3)
  A fire dragon (D:15)
  A thrashing horror (Abyss:5)
  A wizard (Vaults:4)
  A will-o-the-wisp (Zig:7)
  A manticore (D:15)
  A moth of wrath (Zot:1)
  A freezing wraith (Abyss:5)
  A saltling (Desolation)
  3 humans
  A golden eye (Abyss:5)
  An orc wizard (Orc:2)
  4 briar patches (Swamp:4)
  1534 foxfires
  64 fungi
  194 plants
  16 starspawn tentacles
  3 tentacles (Abyss:5)
1829 creatures vanquished.

Grand Total: 4828 creatures vanquished

Notes
Turn   | Place    | Note
-------+----------+-------------------------------------------
     0 | D:1      | CryoSword the Demigod Fire Elementalist began the quest for
                  | the Orb.
     0 | D:1      | Reached XP level 1. HP: 14/14 MP: 5/5
    31 | D:1      | Reached skill level 1 in Conjurations
    59 | D:1      | Found Xalagic's Antique Armour Boutique.
   440 | D:1      | Reached XP level 2. HP: 22/22 MP: 1/7
   450 | D:1      | Learned a level 2 spell: Scorch
   652 | D:1      | Reached skill level 3 in Fire Magic
  1803 | D:2      | Reached XP level 3. HP: 27/27 MP: 4/8
  1997 | D:2      | Noticed Jessica
  2001 | D:2      | Killed Jessica
  2002 | D:2      | Reached skill level 1 in Fighting
  2454 | D:2      | Reached XP level 4. HP: 35/35 MP: 9/9
  3393 | D:3      | Noticed Ijyb
  3397 | D:3      | HP: 1/35 [Ijyb/bolt of acid (34)]
  3776 | D:3      | Killed Ijyb
  3777 | D:3      | Reached XP level 5. HP: 10/40 MP: 1/10
  4072 | D:3      | Noticed a steam dragon
  4075 | D:3      | Reached skill level 4 in Fire Magic
  4077 | D:3      | Killed a steam dragon
  4078 | D:3      | Reached XP level 6. HP: 33/48 MP: 3/11
  4662 | D:4      | Learned a level 4 spell: Flame Wave
  5151 | D:4      | Found Janwea's Jewellery Boutique.
  5250 | D:4      | Reached XP level 7. HP: 56/56 MP: 13/13
  5478 | D:5      | Entered Level 5 of the Dungeon
  5493 | D:5      | Reached skill level 5 in Fire Magic
  5766 | D:5      | Noticed Blork the orc
  5779 | D:5      | Killed Blork the orc
  5942 | D:5      | Found a staircase to the Ecumenical Temple.
  6179 | D:4      | Reached skill level 5 in Conjurations
  6179 | D:4      | Reached XP level 8. HP: 56/63 MP: 14/14
  6511 | D:5      | Reached skill level 6 in Fire Magic
  6968 | D:5      | Found a runed translucent door.
  6969 | D:5      | Noticed Crazy Yiuf
  6974 | D:5      | Killed Crazy Yiuf
  7332 | D:6      | Found a glowing drain.
  7343 | Sewer    | Entered a sewer
  9445 | D:7      | Reached skill level 7 in Fire Magic
  9557 | D:7      | Reached XP level 9. HP: 61/72 MP: 8/15
 10507 | D:6      | Reached skill level 5 in Fighting
 10849 | D:1      | Bought a pair of boots for 81 gold pieces
 11076 | D:6      | Reached skill level 8 in Fire Magic
 11869 | D:7      | Found Ebuekuu's Antique Armour Shop.
 11877 | D:7      | Bought a pair of gloves for 135 gold pieces
 12170 | D:8      | Reached skill level 5 in Dodging
 12337 | D:8      | Noticed Harold
 13276 | D:8      | Killed Harold
 13277 | D:8      | Reached XP level 10. HP: 55/82 MP: 9/16
 13587 | D:9      | Found a staircase to the Lair.
 13751 | D:9      | Noticed a two-headed ogre
 13752 | D:9      | Found a transporter.
 13754 | D:9      | Noticed H0rd4k's ghost (novice DEWz)
 13959 | D:9      | Noticed Psyche
 13970 | D:9      | Killed Psyche
 13971 | D:9      | Reached skill level 1 in Shields
 14146 | D:9      | Got the Volume of the Quantum Arsonist
 14260 | D:9      | Found a transporter.
 14341 | D:9      | Reached skill level 9 in Fire Magic
 14846 | D:10     | Entered Level 10 of the Dungeon
 14894 | D:10     | Noticed a two-headed ogre
 14905 | D:10     | Noticed a sixfirhy
 15121 | D:9      | Killed a two-headed ogre
 16257 | D:11     | Found a transporter.
 16258 | D:11     | Noticed Revguard's ghost (journeyman DsGl)
 16258 | D:11     | Noticed a two-headed ogre
 16258 | D:11     | Identified the +7 giant club of Nightmares {vorpal, Dex+4}
 16258 | D:11     | Noticed a two-headed ogre
 16259 | D:11     | Found a transporter.
 16259 | D:11     | Noticed a two-headed ogre
 16261 | D:11     | Noticed a two-headed ogre
 16416 | D:11     | Noticed a two-headed ogre
 16420 | D:11     | Noticed a two-headed ogre
 16426 | D:11     | Killed a two-headed ogre
 16427 | D:11     | Reached XP level 11. HP: 89/89 MP: 19/19
 16542 | D:11     | Noticed an ogre mage
 16547 | D:11     | Noticed a two-headed ogre
 17248 | D:11     | Found Suudgha's Armour Boutique.
 17254 | D:11     | Noticed a two-headed ogre
 17261 | D:11     | Killed a two-headed ogre
 17389 | D:7      | Bought a pair of glowing boots for 225 gold pieces
 17528 | D:11     | Noticed a two-headed ogre
 17589 | D:11     | Found a staircase to the Orcish Mines.
 18024 | D:11     | Killed an ogre mage
 18114 | D:10     | Killed a two-headed ogre
 18115 | D:10     | Reached skill level 10 in Fire Magic
 18304 | D:11     | Killed a two-headed ogre
 18399 | D:11     | Killed a two-headed ogre
 18433 | D:11     | Learned a level 4 spell: Sticky Flame
 18436 | D:11     | Learned a level 2 spell: Blink
 18476 | Lair:1   | Entered Level 1 of the Lair of Beasts
 18666 | Lair:1   | Reached skill level 5 in Shields
 18950 | Lair:1   | Reached skill level 1 in Armour
 18961 | Lair:1   | Reached skill level 1 in Translocations
 19443 | Lair:1   | Noticed a seven-headed hydra
 19452 | Lair:1   | Killed a seven-headed hydra
 19453 | Lair:1   | Reached skill level 10 in Conjurations
 20198 | Lair:2   | Noticed a boulder beetle
 20226 | Lair:2   | Killed a boulder beetle
 20227 | Lair:2   | Reached XP level 12. HP: 41/100 MP: 9/22
 21035 | Lair:3   | Noticed a boulder beetle
 21416 | Lair:3   | Killed a boulder beetle
 21417 | Lair:3   | Reached skill level 1 in Staves
 21417 | Lair:3   | Reached skill level 1 in Evocations
 21554 | Lair:3   | Found a hole to the Spider Nest.
 21986 | Lair:3   | Reached skill level 11 in Fire Magic
 22188 | Lair:4   | Noticed an eight-headed hydra
 22325 | Lair:4   | Killed an eight-headed hydra
 22667 | Lair:4   | Found a staircase to the Swamp.
 22763 | Lair:4   | Noticed Nessos
 23031 | Lair:4   | Reached skill level 5 in Spellcasting
 23306 | Lair:4   | Noticed Kirke
 23555 | Lair:3   | Killed Kirke
 23608 | Lair:3   | Reached XP level 13. HP: 79/107 MP: 17/24
 23730 | Lair:4   | Killed Nessos
 25072 | Lair:5   | Reached skill level 12 in Fire Magic
 25620 | Lair:6   | Entered Level 6 of the Lair of Beasts
 25637 | Lair:6   | Noticed Buiveh's ghost (journeyman GrEE)
 25732 | Lair:6   | Learned a level 3 spell: Mephitic Cloud
 25739 | Lair:6   | Learned a level 6 spell: Starburst
 27085 | Lair:6   | Found a runed translucent gate.
 27086 | Lair:6   | Found a runed translucent gate.
 27086 | Lair:6   | Found a runed translucent gate.
 27216 | Lair:6   | Found a runed translucent door.
 27321 | Lair:6   | Reached skill level 5 in Armour
 27326 | Lair:6   | Paralysed by a hornet for 3 turns
 28032 | Lair:6   | Reached XP level 14. HP: 114/116 MP: 16/25
 28862 | Lair:6   | Found a staircase to the Slime Pits.
 29037 | Lair:4   | Noticed Snorg
 29043 | Lair:4   | Killed Snorg
 29340 | D:1      | Bought a ruby-encrusted ring mail for 162 gold pieces
 29340 | D:1      | Identified the +1 ring mail "Itrischi" {Int+3} (You bought
                  | it in a shop on level 1 of the Dungeon)
 29340 | D:1      | Bought a glowing scarf for 144 gold pieces
 29373 | D:1      | Bought a shiny ring mail for 126 gold pieces
 29721 | D:4      | Bought a ring of see invisible for 210 gold pieces
 29895 | Orc:1    | Entered Level 1 of the Orcish Mines
 29934 | Orc:1    | Noticed Jorgrun
 29992 | D:12     | Reached skill level 5 in Evocations
 30400 | D:12     | Reached skill level 5 in Staves
 31015 | D:12     | Found a runed translucent door.
 31016 | D:12     | Identified the +11 spear "Dorur" {freeze, Will- Str+9 Dex-3
                  | SInv}
 31019 | D:12     | Noticed LetschGu's ghost (journeyman KoSu)
 32349 | D:13     | Noticed Erolcha
 32354 | D:13     | Killed Erolcha
 32355 | D:13     | Reached skill level 13 in Fire Magic
 32604 | D:13     | Noticed Azrael
 33125 | D:13     | Noticed Sonja
 33657 | D:13     | Killed Azrael
 33898 | D:13     | Identified the +7 plate armour of the Quahog {Drain rC+
                  | Str+2 Int+3}
 34086 | D:13     | Found a gate to the Vaults.
 34342 | D:13     | Killed Sonja
 34776 | D:14     | Identified the +6 scale mail of the Loofah {rC+ rN+ Will+
                  | Regen+}
 35717 | D:15     | Entered Level 15 of the Dungeon
 35857 | D:15     | Reached XP level 15. HP: 115/125 MP: 4/28
 36071 | D:15     | Found a gate leading to a gauntlet.
 36084 | Gauntlet | Entered a Gauntlet
 36084 | Gauntlet | Found a transporter.
 36129 | Gauntlet | Found a transporter.
 36131 | Gauntlet | Found a transporter.
 36144 | Gauntlet | Found a transporter.
 36145 | Gauntlet | Found a transporter.
 36159 | Gauntlet | Found a transporter.
 36170 | Gauntlet | Found a transporter.
 36177 | Gauntlet | Found a runed translucent door.
 36181 | Gauntlet | Found a transporter.
 36191 | Gauntlet | Found a transporter.
 36205 | Gauntlet | Found a transporter.
 36220 | Gauntlet | Found a transporter.
 36220 | Gauntlet | Found a transporter.
 36263 | Gauntlet | Found a transporter.
 36277 | Gauntlet | Found a transporter.
 36424 | Gauntlet | Identified the ring "Vuzun" {EV+4 Int+6 SInv}
 36602 | Gauntlet | Identified the -5 hat "Joam" {Fly rF+ rN++ Int-2}
 36637 | Gauntlet | Identified the ring "Tummel" {*Corrode rN+ Str+4 Int+2
                  | Dex+3}
 37046 | D:15     | Reached skill level 14 in Fire Magic
 37755 | D:15     | Found a staircase to the Depths.
 38255 | Orc:1    | Killed Jorgrun
 38534 | Orc:2    | Entered Level 2 of the Orcish Mines
 38633 | Orc:2    | Found a staircase to the Elven Halls.
 39356 | Orc:2    | Learned a level 5 spell: Fireball
 40125 | Orc:2    | Found Mianwech's Antique Armour Shop.
 40126 | Orc:2    | Found Goukh's Antique Weapon Shop.
 40128 | Orc:2    | Found Zicloekimn's General Store.
 40128 | Orc:2    | Found Emahim's Book Boutique.
 40287 | Orc:2    | Found Alaurphi's CLEARANCE SALE!.
 40604 | Orc:2    | Bought a +0 helmet of intelligence for 138 gold pieces
 40604 | Orc:2    | Bought a scroll of magic mapping for 42 gold pieces
 40604 | Orc:2    | Bought a scroll of holy word for 90 gold pieces
 40787 | Spider:1 | Entered Level 1 of the Spider Nest
 40847 | Swamp:1  | Entered Level 1 of the Swamp
 40937 | Swamp:1  | Found a runed translucent gate.
 40938 | Swamp:1  | Found a runed translucent gate.
 40939 | Swamp:1  | Found a runed translucent gate.
 40939 | Swamp:1  | Noticed Olga's ghost (adept DsCK)
 41106 | D:9      | Killed H0rd4k's ghost
 41107 | D:9      | Reached skill level 10 in Fighting
 41270 | D:11     | Killed Revguard's ghost
 41439 | D:12     | Killed LetschGu's ghost
 41467 | D:12     | Got the Grimoire of Lightness
 41927 | Lair:6   | Killed Buiveh's ghost
 43154 | Swamp:1  | Noticed Aizul
 43161 | Swamp:1  | Killed Aizul
 43162 | Swamp:1  | Reached XP level 16. HP: 134/134 MP: 5/31
 43915 | Swamp:1  | Identified Roxanne's Tome of Changing
 43915 | Swamp:1  | Noticed Roxanne
 44442 | Swamp:1  | Killed Olga's ghost
 44585 | Swamp:1  | Identified the +3 broad axe of Leufole {protect, rN+}
 44632 | Swamp:2  | Noticed a tentacled monstrosity
 44909 | Swamp:2  | Killed a tentacled monstrosity
 45845 | Swamp:3  | Reached skill level 15 in Fire Magic
 47057 | Swamp:4  | Entered Level 4 of the Swamp
 49999 | Swamp:4  | Got a decaying rune of Zot
 50032 | Swamp:4  | Reached XP level 17. HP: 143/144 MP: 21/32
 50456 | Spider:1 | Paralysed by a hornet for 2 turns
 51051 | Orc:2    | Bought the Reference Book on Scorching Beguiling for 480
                  | gold pieces
 51060 | Orc:2    | Bought a bronze scale mail for 333 gold pieces
 51060 | Orc:2    | Identified the +5 scale mail of Hairiness {-Cast Regen+
                  | Str+6} (You bought it in a shop on level 2 of the Orcish
                  | Mines)
 51301 | Spider:1 | Reached skill level 16 in Fire Magic
 51530 | Spider:1 | Reached skill level 15 in Conjurations
 51698 | Spider:1 | Noticed Frances
 51704 | Spider:1 | Killed Frances
 52004 | Spider:1 | Got Xyklyrr's Reference Book on Lightness
 52114 | Spider:1 | Got Darhosifif's Guide on Shape Shifting
 52127 | Spider:1 | Identified the +4 mace of the Shining Light {vorpal, rF+
                  | Dex+3}
 52369 | Spider:2 | Noticed Mlioglotl
 52806 | Spider:2 | Killed Mlioglotl
 52896 | Spider:2 | Identified the +1 scale mail "Eka Icwo" {Rampage rCorr
                  | Str+2}
 53212 | Spider:3 | Noticed Louise
 53216 | Spider:3 | Killed Louise
 54232 | Spider:4 | Entered Level 4 of the Spider Nest
 54488 | Spider:4 | Reached skill level 1 in Poison Magic
 54864 | Spider:3 | Reached skill level 1 in Air Magic
 55755 | Spider:4 | Reached XP level 18. HP: 146/154 MP: 1/34
 55903 | Spider:4 | Reached skill level 17 in Fire Magic
 55952 | Spider:3 | Learned a level 8 spell: Ignition
 56135 | Spider:4 | Got a gossamer rune of Zot
 56528 | Swamp:1  | Killed Roxanne
 56811 | Vaults:1 | Entered Level 1 of the Vaults
 58268 | Vaults:1 | Found Gevvury's Assorted Antiques.
 58272 | Vaults:1 | Bought a scroll of identify for 66 gold pieces
 58272 | Vaults:1 | Bought a potion of curing for 99 gold pieces
 58272 | Vaults:1 | Bought a scroll of identify for 66 gold pieces
 58273 | Vaults:1 | Identified a scroll of acquirement
 58274 | Vaults:1 | Acquired the +11 tower shield of Forking Paths {Rampage
                  | Str+3}
 59004 | Vaults:1 | Reached skill level 5 in Stealth
 59107 | Vaults:1 | Found Oledois's General Store.
 59542 | Vaults:2 | Found a crumbling gateway.
 59555 | Desolati | Entered the Desolation of Salt
 59760 | Desolati | Identified the +0 pair of boots "Xoampoqe" {Contam Int+7}
 60168 | Desolati | Identified the +12 quarterstaff "Coumec" {vamp, rPois rF-
                  | rN++ Str-3}
 60174 | Desolati | Identified the +0 plate armour "Feddeyg" {Harm rElec rC-
                  | Stlth+}
 60392 | Desolati | Got the Incunabulum of the Dusty Volcanoes
 60840 | Desolati | Identified the +1 ring mail of Weblocw {rF+++ rC- Regen+
                  | rCorr}
 61392 | Vaults:2 | Reached XP level 19. HP: 162/162 MP: 19/36
 62424 | Vaults:2 | Reached skill level 18 in Fire Magic
 63099 | Vaults:3 | Found a staircase to the Crypt.
 63278 | Vaults:3 | Reached skill level 10 in Staves
 63499 | Vaults:3 | Reached skill level 10 in Shields
 63757 | Vaults:3 | Reached skill level 10 in Armour
 65381 | Vaults:4 | Reached XP level 20. HP: 166/171 MP: 38/38
 66569 | Elf:1    | Entered Level 1 of the Elven Halls
 66569 | Elf:1    | Found a portal to a secret trove of treasure.
 67217 | Elf:1    | Found a runed translucent door.
 67217 | Elf:1    | Noticed LetschGu's ghost (adept KoBr)
 67217 | Elf:1    | Found the +7 Singing Sword {vorpal, sonic wave}
 67267 | Elf:1    | Found Haox's Antique Weapon Boutique.
 67830 | Elf:2    | Found a runed translucent gate.
 67850 | Elf:2    | Found the necklace of Bloodlust {*Rage Will++ Int-3 Slay+6}
 67868 | Elf:2    | Found a magical portal.
 67873 | WizLab   | Entered Wucad Mu's Monastery
 68299 | Elf:2    | Found Faegogao's Antique Weapon Boutique.
 68453 | Elf:2    | Found a runed translucent gate.
 68455 | Elf:2    | Found a runed translucent gate.
 68455 | Elf:2    | Found a runed translucent gate.
 68520 | Elf:2    | Paralysed by an air elemental for 1 turns
 68617 | Elf:2    | Found a runed translucent gate.
 68617 | Elf:2    | Found a runed translucent gate.
 68739 | Elf:2    | Noticed daodarkstar's ghost (adept DsFi)
 69002 | Elf:1    | Reached skill level 19 in Fire Magic
 69088 | Elf:2    | Killed daodarkstar's ghost
 69240 | Elf:2    | Identified the +2 cloak "Suod" {rElec Slay+2}
 69536 | Elf:2    | Reached skill level 10 in Spellcasting
 70154 | Elf:3    | Entered Level 3 of the Elven Halls
 70209 | Elf:3    | Noticed Mara
 70238 | Elf:3    | Noticed CryoSword's illusion
 70338 | Elf:3    | Killed Mara
 70643 | Elf:3    | Paralysed by an air elemental for 1 turns
 71496 | Elf:3    | Reached XP level 21. HP: 175/180 MP: 40/40
 71739 | Elf:3    | Identified the +6 great sword of the Hierophant {vorpal,
                  | Int-4 Dex+5 Stlth+}
 71739 | Elf:3    | Identified the ring "Fausa" {Fire rPois}
 72065 | Elf:3    | Identified the +12 hand crossbow of Xom's Righteous Anger
                  | {venom, Will+}
 72228 | Elf:1    | Killed LetschGu's ghost
 72401 | Depths:1 | Entered Level 1 of the Depths
 73831 | Depths:1 | Found a gateway to Hell.
 74507 | Depths:1 | Found Yreolim's Book Shoppe.
 74507 | Depths:1 | Found Sugux's Jewellery Shop.
 74508 | Depths:1 | Found Litsinyni's Jewellery Shop.
 74514 | Depths:1 | Bought the ring of Jovukh {rPois rC+ rN+ Dex+7} for 687
                  | gold pieces
 74514 | Depths:1 | Bought the amulet of the Four Winds {rN+ Will+++ Clar} for
                  | 570 gold pieces
 74514 | Depths:1 | Found the amulet of the Four Winds {rN+ Will+++ Clar}
 74644 | Depths:1 | Found a one-way gate leading to the halls of Pandemonium.
 75392 | Depths:2 | Noticed a juggernaut
 75411 | Depths:2 | Killed a juggernaut
 75672 | Depths:2 | Found the ring of the Octopus King {Fly AC+1 EV+1 Str+1
                  | Int+1 Dex+1}
 75994 | Depths:2 | Learned a level 5 spell: Iskenderun's Battlesphere
 76113 | Depths:2 | Noticed a golden dragon
 76128 | Depths:2 | Killed a golden dragon
 76408 | Depths:3 | Found a transporter.
 76453 | Depths:3 | Reached skill level 20 in Fire Magic
 76495 | Depths:3 | Found a one-way gate to the infinite horrors of the Abyss.
 76502 | Depths:3 | Found a transporter.
 76827 | Depths:3 | Noticed Saint Roka
 76834 | Depths:3 | Killed Saint Roka
 76848 | Depths:3 | Paralysed by a floating eye for 4 turns
 76974 | Depths:3 | Found a runed translucent door.
 76975 | Depths:3 | Noticed Plog's ghost (adept DgCj)
 77084 | Depths:3 | Reached XP level 22. HP: 156/183 MP: 26/42
 77620 | Depths:3 | Noticed a juggernaut
 77640 | Depths:3 | Noticed a caustic shrike
 77896 | Depths:4 | Entered Level 4 of the Depths
 78073 | Depths:4 | Found a one-way gateway to a ziggurat.
 78346 | Depths:4 | Noticed Frederick
 78353 | Depths:4 | Killed Frederick
 78697 | Depths:4 | Noticed Margery
 78841 | Depths:4 | Found a gate to the Realm of Zot.
 79587 | Depths:4 | Noticed a caustic shrike
 79587 | Depths:4 | a stone giant changed into a caustic shrike
 79588 | Depths:4 | a caustic shrike changed into an iron dragon
 79599 | Depths:4 | Killed Margery
 79733 | Depths:4 | Noticed a caustic shrike
 79737 | Depths:4 | a caustic shrike changed into a shadow dragon
 80406 | Depths:4 | Learned a level 5 spell: Lightning Bolt
 81513 | Depths:3 | Killed a juggernaut
 81514 | Depths:3 | Killed a caustic shrike
 81598 | Depths:3 | Identified the ring of Wonder {*Corrode rPois rN+ Dex+8
                  | SInv}
 81613 | Depths:3 | Identified the ring "Dogivel" {Fly rC- Dex+4}
 81740 | Depths:3 | Killed Plog's ghost
 82194 | Elf:1    | ?
 82194 | Elf:1    | ?
 82428 | Slime:1  | Entered Level 1 of the Pits of Slime
 82597 | Slime:3  | Gained mutation: [You do not regenerate when monsters are
                  | visible.] [a shining eye]
 82608 | Slime:2  | Reached skill level 15 in Fighting
 83067 | Slime:5  | Entered Level 5 of the Pits of Slime
 83423 | Slime:4  | Reached skill level 15 in Shields
 83816 | Slime:4  | Reached XP level 23. HP: 69/199 MP: 3/44
 84469 | Slime:5  | Noticed the Royal Jelly
 85232 | Slime:5  | Gained mutation: You are frail. (-10% HP) [a shining eye]
 85236 | Slime:4  | Lost mutation: [You do not regenerate when monsters are
                  | visible.] [potion of mutation]
 85236 | Slime:4  | Lost mutation: You are frail. (-10% HP) [potion of
                  | mutation]
 85236 | Slime:4  | Gained mutation: Your flesh is cold resistant. (rC+)
                  | [potion of mutation]
 85236 | Slime:4  | Gained mutation: You expend magic power (3 MP) to
                  | strengthen your wands. [potion of mutation]
 85236 | Slime:4  | Gained mutation: You sometimes lose the ability to read
                  | scrolls when taking damage. [potion of mutation]
 85580 | Slime:5  | Found the +7 great mace "Firestarter" {inner flame, rF++}
 85713 | Slime:5  | Killed the Royal Jelly
 86090 | Slime:5  | Identified the ring of Ohixul {MP+9 Dex+3}
 86099 | Slime:5  | Identified the ring of the Shrike {AC+4 Stlth+}
 86101 | Slime:5  | Identified the +10 mace "Nodwuer" {freeze, rElec Str+4}
 86106 | Slime:5  | Identified the +3 ring mail "Naaptent" {-Tele rPois rC+
                  | rN+}
 86120 | Slime:5  | Got Dijab's Collected Works on the Supportive Glacier
 86139 | Slime:5  | Identified the +4 spear "Plog" {flame, rF+ Dex+5}
 86170 | Slime:5  | Identified the +8 glaive "Zoutaont" {vorpal, rElec rPois}
 86173 | Slime:5  | Got a slimy rune of Zot
 86670 | Vaults:5 | Entered Level 5 of the Vaults
 86673 | Vaults:5 | Reached skill level 21 in Fire Magic
 87172 | Vaults:5 | Noticed a dread lich
 87181 | Vaults:5 | Killed a dread lich
 87919 | Vaults:5 | Identified the ring "Xeg Wigo" {rPois rC+ EV+4 Stlth+}
 87970 | Vaults:5 | Noticed an ancient lich
 87999 | Vaults:5 | Killed an ancient lich
 88131 | Vaults:5 | Identified the ring "Jannub" {AC+4 Str-3 Int+6 Dex+4}
 88371 | Vaults:5 | Noticed an ancient lich
 88389 | Vaults:5 | Killed an ancient lich
 88902 | Vaults:5 | Got a silver rune of Zot
 89084 | Vaults:5 | Got the Volume of Flying Calling
 89200 | Vaults:5 | Identified the amulet "Sihaevau" {RegenMP rC+ Will+ Int+3}
 89539 | Vaults:5 | Reached XP level 24. HP: 117/210 MP: 45/45
 90024 | Crypt:1  | Entered Level 1 of the Crypt
 92383 | Elf:1    | You paid a toll of 6 scrolls of fear to enter a treasure
                  | trove
 92384 | Trove    | Entered a treasure trove
 92391 | Trove    | Identified the +1 gold dragon scales of Lugonu's
                  | Benevolence {rElec rPois rF+ rC+}
 92394 | Trove    | Identified the +0 pair of gloves "Laosau" {Str+3}
 92396 | Trove    | Identified the +7 tower shield of Compression {rElec rC+
                  | Will++ Int-5}
 92399 | Trove    | Identified the +0 pair of boots "Dyac" {rN+ rCorr Int-3}
 92400 | Trove    | Identified the +2 kite shield of Context {rF++ rC+ Int+4}
 92405 | Trove    | Identified the +0 pair of boots "Qury" {+Blink Slay+3}
 92406 | Trove    | Identified the +2 cloak "Bilig" {+Blink Int+5}
 92409 | Trove    | Identified the +2 scale mail "Tekutab" {Int+2 SInv}
 92411 | Trove    | Identified the +0 kite shield of Qazlal {+Inv rCorr Int+3
                  | Dex-3}
 92485 | Elf:1    | Learned a level 9 spell: Fire Storm
 95756 | Crypt:3  | Entered Level 3 of the Crypt
 96504 | Crypt:3  | Identified the ring of Nufuduh {rN+ Stlth+}
 97152 | Crypt:3  | Found a staircase to the Tomb.
 97300 | Crypt:3  | Identified the ring "Baskatwocog" {rElec rF+ rN+ Str+4}
 97964 | Crypt:3  | Noticed a dread lich
 97964 | Crypt:3  | Noticed an ancient lich
 98256 | Crypt:3  | Noticed an ancient lich
 98273 | Crypt:3  | Killed an ancient lich
 98371 | Crypt:3  | Killed a dread lich
 98376 | Crypt:3  | Killed an ancient lich
 98845 | Zot:1    | Entered Level 1 of the Realm of Zot
100746 | Zot:2    | Reached XP level 25. HP: 187/218 MP: 36/46
100893 | Zot:1    | Lost mutation: You expend magic power (3 MP) to strengthen
                  | your wands. [potion of mutation]
100893 | Zot:1    | Lost mutation: Your flesh is cold resistant. (rC+) [potion
                  | of mutation]
100893 | Zot:1    | Gained mutation: Your movements are slightly less
                  | encumbered by armour. (ER -2) [potion of mutation]
100893 | Zot:1    | Gained mutation: You are weak. (Str -2) [potion of
                  | mutation]
100893 | Zot:1    | Gained mutation: You are frail. (-10% HP) [potion of
                  | mutation]
100893 | Zot:1    | Gained mutation: You are strong-willed. (Will+) [potion of
                  | mutation]
100894 | Zot:1    | Lost mutation: You are strong-willed. (Will+) [potion of
                  | mutation]
100894 | Zot:1    | Lost mutation: You are frail. (-10% HP) [potion of
                  | mutation]
100894 | Zot:1    | Gained mutation: You are partially covered in iridescent
                  | scales. (AC +2) [potion of mutation]
100894 | Zot:1    | Gained mutation: You tend to lose your temper in combat.
                  | [potion of mutation]
100894 | Zot:1    | Gained mutation: You are agile. (Dex +2) [potion of
                  | mutation]
100895 | Zot:1    | Lost mutation: You sometimes lose the ability to read
                  | scrolls when taking damage. [potion of mutation]
100895 | Zot:1    | Lost mutation: You are partially covered in iridescent
                  | scales. (AC +2) [potion of mutation]
100895 | Zot:1    | Lost mutation: You tend to lose your temper in combat.
                  | [potion of mutation]
100895 | Zot:1    | Gained mutation: Your mind is acute. (Int +2) [potion of
                  | mutation]
100895 | Zot:1    | Gained mutation: Your flesh is cold resistant. (rC+)
                  | [potion of mutation]
100895 | Zot:1    | Gained mutation: You passively dampen the noise of your
                  | surroundings. [potion of mutation]
100895 | Zot:1    | Lost mutation: You are weak. (Str -2) [potion of mutation]
102527 | Zot:3    | Reached skill level 22 in Fire Magic
104401 | Depths:1 | Bought a manual of Long Blades for 1440 gold pieces
104435 | Hell     | Entered the Vestibule of Hell
104435 | Hell     | Noticed Geryon
104446 | Depths:1 | Reached skill level 1 in Long Blades
105299 | Zig:1    | Entered Level 1 of a ziggurat
105311 | Zig:1    | Identified the +7 dagger "Impbane" {venom, rCorr}
105347 | Zig:2    | Entered Level 2 of a ziggurat
105347 | Zig:2    | Noticed a juggernaut
105357 | Zig:2    | Killed a juggernaut
105428 | Zig:3    | Entered Level 3 of a ziggurat
105431 | Zig:3    | Reached skill level 5 in Long Blades
105554 | Zig:3    | Identified the +2 ring mail of Ignis's Hope {rN+ Dex+3
                  | Stlth+}
105570 | Zig:4    | Entered Level 4 of a ziggurat
105760 | Zig:5    | Entered Level 5 of a ziggurat
105809 | Zig:6    | Entered Level 6 of a ziggurat
105874 | Zig:6    | Identified the +4 great sword "Saotunka" {flame, Fly rC+}
105881 | Zig:7    | Entered Level 7 of a ziggurat
106011 | Zig:7    | Identified the +7 rapier "Umakics" {chaos, *Slow rElec rF+
                  | rC+ Stlth+}
106013 | Zig:7    | Identified the +5 dagger of Malaise {flame, Int+3}
106023 | Zig:8    | Entered Level 8 of a ziggurat
106040 | Zig:8    | Reached skill level 10 in Long Blades
106213 | Zig:8    | Identified the +6 scale mail of the Illusory Demons {rF+
                  | rC+}
106230 | Zig:8    | Learned a level 1 spell: Apportation
106235 | Zig:9    | Entered Level 9 of a ziggurat
106378 | Zig:9    | Identified the amulet of Sunoc {Acrobat rPois rCorr}
106870 | Hell     | Killed Geryon
107374 | Hell     | Found a gateway to the Iron City of Dis.
107830 | Hell     | Gained mutation: Armour fits poorly on your strangely
                  | shaped body. [a cacodemon]
107835 | Hell     | Reached XP level 26. HP: 227/227 MP: 24/46
107996 | Hell     | Found a gateway to the decaying netherworld of Tartarus.
108012 | Hell     | Gained mutation: Potions are less effective at restoring
                  | your health. [a cacodemon]
108569 | Hell     | Found a gateway to the freezing wastes of Cocytus.
108872 | Hell     | Found a gateway to the ashen valley of Gehenna.
110268 | Zot:4    | Reached skill level 15 in Long Blades
110493 | Zot:5    | Entered Level 5 of the Realm of Zot
110626 | Zot:5    | Identified the +4 ring mail of Uschilyk {+Inv rN+++ Regen+
                  | Slay-3}
112002 | Zot:5    | Noticed an ancient lich
112012 | Zot:5    | Killed an ancient lich
112346 | Depths:3 | Voluntarily entered the Abyss.
112656 | Abyss:1  | Noticed a dread lich
113703 | Abyss:3  | Noticed a dread lich
113715 | Abyss:3  | Killed a dread lich
114754 | Abyss:5  | Entered Level 5 of the Abyss
115640 | Abyss:5  | Reached XP level 27. HP: 43/234 MP: 14/46
115640 | Abyss:5  | Got an abyssal rune of Zot
115650 | Abyss:5  | HP: 5/234 [constriction (7)]
115650 | Abyss:5  | Slain by a tentacled monstrosity

Illustrated notes

##.>...## ##.......##
#...).....# ####### ##....)..##
#.....## ##.....##
#..8...###'#...##
#.8.8..##.###.'## #8.∩.8..'##
###.## ### #.8@8....## ##.###
##.## #..8......## ##'#.
##...#######..........# ##..
#.....'.....'.......).######...
##...########.....)..<'....+...
#....'## ##.......#######...
#.##'#.## ##.....'########..
##.##.##.## ##...##'.)...#'#.
#......##.## #'#####)....'###


Turn 82194 on Elf:1: ?

Levels and vault maps discovered:
D:1:      dpeg_arrival_simpleton_c, layout_basic, serial_shops,
          nicolae_diamond_shop, roderic_lattice_a, minivault_5
D:2:      cheibrodos_old_hovel, layout_loops_ring,
          hellmonk_ecumenical_altar_run_dry, dk_noncrumbling_2, feat_on_display,
          uniq_jessica
D:3:      layout_basic, kennysheep_boxes, uniq_ijyb
D:4:      layout_rooms, mainiacjoe_overflow_concentric_impassable, serial_shops,
          kennysheep_little_box
D:5:      layout_basic, minmay_temple_entry_slanted, serial_undead,
          serial_undead_e, serial_undead_c, serial_undead_a, serial_undead_d,
          serial_undead_f, serial_undead_d, serial_undead_d, serial_undead_a,
          uniq_blork_the_orc, uniq_crazy_yiuf_cottage
D:6:      layout_basic, lightli_sewer_entry_pipes,
          hangedman_abyss_or_decor_lesser_grid
D:7:      wad_woods_stonehenge, layout_gridville, serial_shops, shop,
          kennysheep_nub, minmay_manual_mail
D:8:      layout_cave_pools, nicolae_benzene_ring, uniq_harold
D:9:      nicolae_cairo_tiling, layout_loops_ring, lair_entry_dummy,
          gammafunk_ghost_arena, grunt_decor_one_mirror, uniq_psyche
D:10:     layout_rooms, minmay_starry_boxes
D:11:     layout_irregular_city, serial_shops, nicolae_shop_hallway_plus,
          gammafunk_ghost_smash
D:12:     layout_loops_ring, ebering_ghost_funeral_grove
D:13:     layout_gridville, ximxim_vaults_locker_room, uniq_azrael, uniq_sonja,
          uniq_erolcha
D:14:     layout_basic, nicolae_uskayaw_en_pointe,
          chequers_serial_rivers_micro_b
D:15:     grunt_enter_depths_magical_seal, layout_basic, serial_rivers,
          chequers_serial_rivers_large_b, chequers_serial_rivers_small_a,
          chequers_serial_rivers_micro_c, chequers_serial_rivers_micro_b,
          chequers_serial_rivers_micro_e, gauntlet_entry_generic,
          lemuel_crystal_altar
Lair:1:   layout_cave_pods, beast_lair_carwin_7
Lair:2:   layout_misc_corridors, grunt_megastairs_5
Lair:3:   layout_roguey, spider_nest_entry_a, nzn_sisyphean_effort
Lair:4:   layout_gridlike, skrybe_swamp_entry_bodies, columned_hall_lemuel,
          beast_lair_carwin_8, grunt_megastairs_2, lemuel_fruit_tree,
          serial_bayou_shore_a, uniq_nessos, uniq_kirke, uniq_snorg
Lair:5:   layout_roguey [special_room_mythical_zoo], nicolae_lair_liquid_snakes
Lair:6:   wormcave, layout_cave_pods, hangedman_lair_tendril_chambers,
          dpeg_slime_entry_corner, gammafunk_ghost_split
Swamp:1:  layout_basic_swamp, gammafunk_ghost_hydra_chop, hangedman_swamp_lotus,
          swamp_pool5, nicolae_swamp_very_dense_foliage, uniq_roxanne,
          uniq_aizul
Swamp:2:  layout_basic_swamp, evilmike_swamp_ruin_wall
Swamp:3:  nicolae_swamp_decorative_isthmus, layout_falls_marsh,
          evilmike_swamp_ruin_house_5, nicolae_swamp_triple_paths,
          infiniplex_staircase_pool_2
Swamp:4:  byrel_swamp_growth_death_and_undeath, layout_basic_swamp,
          infiniplex_staircase_pool
Spider:1: nicolae_spider_mines_3, hangedman_spider_trapstep,
          hangedman_spider_tarantella_strand, uniq_frances
Spider:2: layout_spider_delve, nicolae_spider_cling_halls, uniq_mlioglotl
Spider:3: layout_spider_delve, uniq_louise
Spider:4: guppyfry_spider_rune
Slime:1:  layout_caves
Slime:2:  layout_caves, nicolae_slime_phagocytosis
Slime:3:  layout_caves
Slime:4:  layout_caves, basic_altar
Slime:5
Orc:1:    layout_diamond_mine, basic_altar, uniq_jorgrun
Orc:2:    st_orc_congregation, layout_diamond_mine, nicolae_orc_stony_grotto,
          nicolae_shop_clearance
Elf:1:    layout_geoelf_octagon, enter_trove_2, serial_shops,
          nicolae_shop_trees, ebering_ghost_xom, hangedman_elf_disciples
Elf:2:    nicolae_elf_blades_splatter_lattice [nicolae_blade_tridents],
          layout_geoelf_octagon, gammafunk_ghost_ooze, mu_enter_wizlab_1,
          serial_shops, nicolae_shop_stone
Elf:3:    elf_hall, layout_geoelf_castle, uniq_mara
Vaults:1: v_misc_22, vaults_dpeg_cross, vaults_room_pools, v_misc_13,
          vaults_standard_mumra_x, nicolae_vaults_asterisk,
          hangedman_vaults_snaps, nicolae_vaults_yaktaur_gun_rack,
          vaults_room_hallway, hangedman_vaults_restitches,
          vaults_room_grunt_arrival_ludios, vaults_room_stairs_pillars,
          layout_vaults_quadrants, serial_shops, shop, shop
Vaults:2: portal_desolation_entry_ruin, v_misc_23,
          nicolae_vaults_inception_corners, v_misc_25, vaults_mumra_bighexcomb,
          nicolae_vaults_alarming, v_misc_11, v_misc_5,
          nicolae_vaults_network_periphery, layout_vaults_omnibox
Vaults:3: v_misc_31, dpeg_vaults_monster_row, v_misc_30, v_misc_14,
          nicolae_vaults_little_squares_3, minmay_crypt_entry_necro_gods,
          nicolae_vaults_big_ls, ontoclasm_vaults_loading_screen,
          vaults_mumra_minichess_inversion, nicolae_vaults_murderbox,
          nicolae_vaults_mini_display_case, layout_vaults_omnicross
Vaults:4: vaults_room_fancy_cross, grunt_vaults_swirl, nicolae_vaults_theta,
          hangedman_vaults_corner, v_misc_16, vaults_dpeg_encased_lava,
          ontoclasm_vaults_tryst, layout_vaults_big_room
Vaults:5
Crypt:1:  layout_rooms, serial_co_window_serial, co_window_paths_b,
          co_window_paths_b, co_window_paths_a, co_window_cross_1,
          co_window_paths_a, co_window_paths_c, co_window_2corner,
          co_window_broadway_a, co_window_corner_b, co_window_of_opportunity_b,
          co_window_sun, glass_columns_c, glass_columns_a
Crypt:2:  layout_basic, corexii_hall_statues_u
Crypt:3:  david_glass_crypt, layout_basic, small_statue_intersection,
          minmay_misc_feat_pillars, nzn_life_drinkers
Depths:1: layout_cave_shapes, serial_bayou_pond_d, hell_entry,
          rand_demon_pan_entry_4, nicolae_vehumet_radiance, minmay_shop_grove
Depths:2: hourglass_vault, layout_cave_shapes, rand_demon_pan_entry_8,
          grunt_hell_entry_dis_old
Depths:3: gammafunk_dig_for_victory, layout_cave_shapes,
          ebering_ghost_inner_flame, abyss_entry, hellmouth_1, hex_medium,
          serial_bayou_lagoon_b, uniq_saint_roka
Depths:4: evilmike_zot_entry_argh, layout_gridville, enter_ziggurat_a,
          glass_columns_a, hellmouth_3, nicolae_fountain_basement,
          uniq_frederick, uniq_margery
Hell
Zot:1:    layout_gridlike, skrybe_zot_glass_2
Zot:2:    layout_misc_corridors, skrybe_zot_glass_3
Zot:3:    evilmike_crystal_ball_defense, layout_cellular_growth,
          grunt_megastairs_1
Zot:4:    layout_misc_corridors
Zot:5:    layout_onion
Abyss:5:  base: Spider:4, evilmike_abyss_exit_mutagenic, minivault_13,
          nicolae_abyss_rune_left_handed, hangedman_decor_riveting,
          evilmike_nicolae_abyss_rune_betentacled_crabyss

Skill      XL: |  1  2  3  4  5  6  7  8  9 10 11 12 13 14 15 16 17 18 19 20 21 22 23 24 25 26 |
---------------+-------------------------------------------------------------------------------+-----
Conjurations   | 1 2 3 5 6 8 9 10 11 12 13 14 15 16 17 18 19 20 21 | 21.3
Stealth        | 2 3 4 5 6 |  6.6
Fire Magic     | 3 4 5 7 8 9 10 11 12 13 14 15 16 17 18 19 20 21 22 | 22.4
Fighting       | 1 2 3 4 5 6 7 8 9 10 11 12 13 14 15 16 | 16.9
Dodging        | 2 3 4 5 6 8 |  8.0
Spellcasting   | 2 3 4 5 6 7 8 9 10 11 12 13 | 13.7
Shields        | 3 5 6 7 9 10 12 13 15 16 17 18 | 18.6
Armour         | 2 3 5 6 7 8 9 10 11 12 13 14 | 14.8
Translocations | 1 3 4 |  4.0
Staves         | 2 4 6 7 8 9 10 11 12 | 12.0
Evocations     | 3 4 5 |  5.0
Poison Magic   | 1 |  1.0
Air Magic      | 1 |  1.0
Long Blades    | 13 16 | 16.0

Action                   |  1- 3 |  4- 6 |  7- 9 | 10-12 | 13-15 | 16-18 | 19-21 | 22-24 | 25-27 || total
-------------------------+-------+-------+-------+-------+-------+-------+-------+-------+-------++-------
Melee: Dagger            |    26 |    12 |    27 |    16 |       |       |       |       |       ||    81
       Unarmed           |     4 |       |       |       |       |       |       |       |       ||     4
       Staff             |       |       |       |    25 |   266 |   152 |   338 |   257 |    40 ||  1078
       Trident           |       |       |       |       |    76 |       |       |       |       ||    76
       Falchion          |       |       |       |       |    27 |       |       |       |       ||    27
       War axe           |       |       |       |       |     7 |    33 |       |       |       ||    40
       Demon trident     |       |       |       |       |       |    45 |   496 |   143 |    99 ||   783
       Double sword      |       |       |       |       |       |       |       |       |   999 ||   999
Throw: Throwing net      |       |     1 |       |       |       |       |       |       |       ||     1
       Dart              |       |       |       |     1 |       |       |       |       |       ||     1
 Cast: Foxfire           |    20 |    62 |   239 |   264 |   302 |       |       |       |       ||   887
       Scorch            |    25 |    27 |   172 |   219 |   224 |    40 |    23 |   104 |    49 ||   883
       Flame Wave        |       |       |     2 |    26 |    48 |       |       |       |       ||    76
       Sticky Flame      |       |       |       |    13 |    43 |     1 |       |       |       ||    57
       Starburst         |       |       |       |       |   135 |   225 |   256 |   409 |   143 ||  1168
       Fireball          |       |       |       |       |    46 |   482 |   426 |   337 |   104 ||  1395
       Mephitic Cloud    |       |       |       |       |     3 |       |     2 |       |       ||     5
       Blink             |       |       |       |       |       |       |     4 |     1 |       ||     5
       Ignition          |       |       |       |       |       |       |     3 |   108 |   141 ||   252
       Lightning Bolt    |       |       |       |       |       |       |       |    64 |    20 ||    84
       Iskenderun's Batt |       |       |       |       |       |       |       |     4 |     2 ||     6
       Apportation       |       |       |       |       |       |       |       |       |     1 ||     1
Evoke: Wand              |       |       |       |       |    13 |    10 |    19 |    11 |     1 ||    54
       Phantom mirror    |       |       |       |       |     1 |     1 |     3 |     6 |     2 ||    13
       Box of beasts     |       |       |       |       |       |       |       |       |     2 ||     2
  Use: Scroll            |       |       |     7 |    11 |    20 |    21 |    11 |    12 |    11 ||    93
       Potion            |       |       |       |     8 |     6 |    12 |     3 |    13 |    12 ||    54
 Stab: Sleeping          |     1 |     1 |       |       |     1 |     2 |    10 |     2 |     6 ||    23
       Held in net/web   |       |     1 |       |       |       |       |       |       |       ||     1
       Distracted        |       |       |       |       |     1 |       |     1 |     1 |    14 ||    17
       Invisible         |       |       |       |       |       |       |       |     2 |       ||     2
Armor: Robe              |    12 |     2 |       |       |       |       |       |       |       ||    14
       Ring mail         |       |       |    44 |       |       |       |       |       |       ||    44
       Leather armour    |       |       |     9 |    35 |       |       |       |       |       ||    44
       Skin              |       |       |       |    12 |       |       |       |       |       ||    12
       Troll leather arm |       |       |       |    63 |   186 |       |       |       |       ||   249
       Scale mail        |       |       |       |       |   140 |   314 |   218 |   131 |   158 ||   961
Dodge: Dodged            |    31 |    18 |   121 |   265 |   460 |   328 |   357 |   221 |   395 ||  2196
       Repelled          |       |       |       |       |    13 |    16 |    22 |    36 |    27 ||   114
Block: Buckler           |       |       |       |   118 |   467 |   186 |       |       |       ||   771
       Reflection        |       |       |       |       |    32 |    12 |       |       |       ||    44
       Kite shield       |       |       |       |       |       |    89 |       |       |       ||    89
       Tower shield      |       |       |       |       |       |   125 |  1430 |   867 |  1716 ||  4138
